 Dungeon Crawl Stone Soup version 0.27-a0-1278-g6cbc8dfb29 (webtiles) character file.

Game seed: 3900343458280483750

116 sanka the Charlatan (level 5, 0/40 HPs)
             Began as a Djinni Artificer on June 12, 2021.
             Slain by an orc priest (3 damage)
             ... on level 3 of the Dungeon.
             The game lasted 00:03:59 (3137 turns).

sanka the Charlatan (Djinni Artificer)              Turns: 3137, Time: 00:03:59

Health: 0/40       AC:  3    Str: 11    XL:     5   Next: 20%
Gold:   78         EV: 12    Int: 14    God:
                   SH:  0    Dex: 19

rFire    + + .     SeeInvis .   f - +0 short sword (speed)
rCold    x . .     Faith    .   (no shield)
rNeg     . . .     Spirit   .   b - +0 leather armour
rPois    ∞         Reflect  .   (no helmet)
rElec    .         Harm     .   (no cloak)
rCorr    .         Rampage  .   (no gloves)
Will     .....                  (boots unavailable)
Stlth    ++........             k - amulet of regeneration
HPRegen  1.13/turn              (no ring)
MPRegen  0.00/turn              m - +6 ring of dexterity

@: flying, very slightly contaminated
A: sickness immunity, fire resistance 2, cold vulnerability 1, float, innate
caster, hp casting, extra vitality 1
a: no special abilities


You were on level 3 of the Dungeon.
You visited 1 branch of the dungeon, and saw 3 of its levels.

You collected 78 gold pieces.


Innate Abilities, Weirdness & Mutations

You are immune to sickness and miasma.
You are immune to poison.
Your flesh is very heat resistant. (rF++)
You are vulnerable to cold. (rC-)
You float through the air rather than walking.
You learn spells naturally, not from books.
Your magical power is your life essence.
You have superior vitality. (+4 HP)


   Skills:
 - Level 3.0 Fighting
 - Level 1.0 Armour
 - Level 2.1 Dodging
 - Level 0.7 Stealth
 * Level 2.4 Spellcasting
 - Level 3.0 Evocations


You had 5 spell levels left.
You knew the following spells:

 Your Spells              Type           Power      Damage    Failure   Level
z - Freeze                Ice            32%        1d5       11%         1
N - Passwall              Tmut/Erth      6%         N/A       17%         2
Your spell library was empty.

Inventory:

Hand Weapons
 a - a +0 club
 f - a +0 short sword of speed (weapon)
 l - a +0 quarterstaff
Armour
 b - a +0 leather armour (worn)
Jewellery
 k - an amulet of regeneration (around neck)
 m - a +6 ring of dexterity (right hand)
Wands
 c - a wand of flame (12) (quivered)
 d - a wand of charming (14)
Scrolls
 g - a scroll of noise {unknown}
 i - a scroll of fear {unknown}
 j - a scroll of enchant weapon {unknown}
 n - a scroll of teleportation {unknown}
Potions
 h - 2 potions of curing {unknown}
Miscellaneous
 e - a piece from Xom's chessboard (15/15)

Dungeon Overview and Level Annotations

Branches:
Dungeon (3/15)

Altars:
Makhleb
Vehumet

..▒. ▒.▒...▒ 8.. .
▒.▒...▒▒ .. .▒ ▒......▒
▒▒▒.▒▒ .▒▒ ▒......▒
▒....▒...▒ ▒......▒
▒..8...8. ▒......▒
▒....▒
.▒▒......▒▒▒▒▒▒▒▒▒o...▒
................Rooo..+
▒▒▒▒▒.▒▒▒▒▒▒▒▒▒▒▒▒▒▒▒▒▒
▒.▒ ▒▒▒.▒▒▒▒▒▒▒
▒▒..........
▒.........(.
▒...........
▒...........
▒▒▒▒.........


You could see an orc priest and 3 orcs.


Message History

Aim: an orc priest, wielding a +0 club (heavily wounded)
You miscast Freeze.
Nothing appears to happen.
* * * LOW HITPOINT WARNING * * *
The orc hits you from afar with a +0 trident.
* * * LOW HITPOINT WARNING * * *
The orc priest barely misses you.
Aiming: Freeze (safe; 11% risk of failure)
Aim: an orc priest, wielding a +0 club (heavily wounded)
You miscast Freeze.
Nothing appears to happen.
* * * LOW HITPOINT WARNING * * *
The orc hits you from afar with a +0 trident.
* * * LOW HITPOINT WARNING * * *
The orc priest miscasts a cantrip.
Aiming: Freeze (safe; 11% risk of failure)
Aim: an orc priest, wielding a +0 club (heavily wounded)
You freeze the orc priest.
The orc priest is heavily wounded.
* * * LOW HITPOINT WARNING * * *
The orc hits you from afar with a +0 trident.
* * * LOW HITPOINT WARNING * * *
The orc priest hits you with a +0 club.
* * * LOW HITPOINT WARNING * * *
Aiming: Charm
Aim: an orc priest, wielding a +0 club (heavily wounded, chance to affect: 54%)
The orc priest resists with significant effort.
The orc barely misses you. The orc priest hits you with a +0 club.
You die...

Action                   |  1- 3 |  4- 6 || total
-------------------------+-------+-------++-------
Melee: Short sword       |   132 |    12 ||   144
       Club              |     4 |       ||     4
 Cast: Freeze            |     5 |    88 ||    93
Evoke: Wand              |       |     4 ||     4
 Stab: Sleeping          |     1 |       ||     1
       Distracted        |     1 |       ||     1
Armor: Leather armour    |    46 |    16 ||    62
Dodge: Dodged            |    94 |    59 ||   153

Levels and vault maps discovered:
D:1:      onia_arrival_zoo_common, layout_loops_cross, basic_ecumenical_altar
D:2:      layout_basic, basic_altar, minmay_guardbox
D:3:      layout_basic, makhleb_altar_promises_db, kennysheep_orc_sif_temple,
          general_overflow_altar, minmay_misc_feat_four_crosses,
          hangedman_decor_opposing

Notes
Turn   | Place    | Note
-------+----------+-------------------------------------------
     0 | D:1      | sanka the Djinni Artificer began the quest for the Orb.
     0 | D:1      | Reached XP level 1. HP: 17/17 MP: 0/0
     6 | D:1      | Noticed a black bear
     6 | D:1      | Noticed a snapping turtle
     7 | D:1      | Noticed a hound
   243 | D:1      | Reached skill level 2 in Fighting
   243 | D:1      | Reached XP level 2. HP: 21/23 MP: 0/0
   293 | D:1      | Found a faded altar of an unknown god.
   557 | D:1      | Reached XP level 3. HP: 29/29 MP: 0/0
   557 | D:1      | Learned a level 1 spell: Freeze
  1336 | D:1      | Reached skill level 3 in Fighting
  1336 | D:1      | Reached skill level 1 in Spellcasting
  1336 | D:1      | Reached XP level 4. HP: 18/35 MP: 0/0
  1812 | D:2      | HP: 1/35 [adder (1)]
  2131 | D:2      | Reached skill level 2 in Spellcasting
  2325 | D:2      | HP: 3/35 [adder (2)]
  2326 | D:2      | HP: 1/35 [adder (1)]
  2328 | D:2      | Reached XP level 5. HP: 1/40 MP: 0/0
  2328 | D:2      | Learned a level 2 spell: Passwall
  3100 | D:3      | Found a burning altar of Makhleb.
  3100 | D:3      | Noticed a cacodemon
  3136 | D:3      | HP: 4/40 [orc (4)]
  3137 | D:3      | Slain by an orc priest

Vanquished Creatures
  4 adders
  4 worms (D:2)
  2 dart slugs (D:1)
  9 ball pythons
  4 bats
  3 endoplasms
  2 giant cockroaches
  4 hobgoblins (D:1)
  7 jackals
  2 quokkas (D:1)
  5 frilled lizards
  6 goblins
  4 kobolds
  8 rats
64 creatures vanquished.
